 Dungeon Crawl Stone Soup version 0.21-a0-227-g58a7c62 (webtiles) character file.

317182 Chiseanne the Eclecticist (level 21, -2/184 HPs)
             Began as a Naga Venom Mage on Aug 29, 2017.
             Was an Initiate of Gozag.
             Slain by a frost giant
             ... wielding a +2 battleaxe of freezing
              (10 damage)
             ... on level 3 of the Vaults on Aug 31, 2017.
             The game lasted 03:44:30 (49950 turns).

Chiseanne the Eclecticist (Naga Venom Mage)        Turns: 49950, Time: 03:44:30

Health: -2/184     AC: 31    Str: 19    XL:     21   Next: 42%
Magic:  0/60       EV: 17    Int: 33    God:    Gozag
Gold:   2488       SH: 16    Dex: 14    Spells: 5/53 levels left

rFire    + + +     SeeInvis +   a - +9 flail (protect)
rCold    + + .     Gourm    .   R - +3 shield {reflect} {Donald}
rNeg     + + .     Faith    .   r - +3 leather armour of the Trout {rF++}
rPois    +         Spirit   +   K - +3 hat of Pondering {ponderous, MR+ MP+10 Int+5}
rElec    +         Reflect  +   v - scarf {Spirit}
rCorr    .         Harm     .   i - +2 pair of gloves {Str+3}
MR       ++...                  (no barding)
Stlth    ++++......             N - macabre finger necklace {rN+}
HPRegen  0.40/turn              p - ring of Ytecwuofei {rPois rC+ MP+9 EV+6 Stlth+}
MPRegen  0.37/turn              O - ring of Revonij {rPois rF+ rC+ rN+ Int+3}
                                h - ring "Ymikin" {rElec rPois MR- AC+5 Stlth+}

@: mighty, gold aura, protection aura, berserk cooldown, slowed, very slow
A: horns 1, see invisible, clever 1, deformed body, poison resistance, slowness
2, slow metabolism 1, spit poison 1, wild magic 1, constrict 1, AC +7
}: 2/15 runes: serpentine, barnacled
a: Spit Poison, Potion Petition, Call Merchant, Bribe Branch, Renounce Religion


You were on level 3 of the Vaults.
You worshipped Gozag.
Gozag was most pleased with you.
You were not hungry.

You visited 8 branches of the dungeon, and saw 38 of its levels.
You also visited: Sewer and Ice Cave.

You collected 16456 gold pieces.
You spent 7833 gold pieces at shops.
You paid 6135 gold pieces to Gozag.

Inventory:

Hand Weapons
 a - a +9 flail of protection (weapon)
 d - the +5 war axe of Valiance {holy, rC+}
   (You took it off a merfolk on level 3 of the Shoals)

   It has been blessed by the Shining One to cause great damage to the undead
   and demons.
   It protects you from cold.
 f - a +3 scimitar of flaming
 s - the +9 flail "Poqi" {elec, *Noise +Inv MR- Int+6 SInv}
   (You bought it in a shop on level 15 of the Dungeon)

   Occasionally, upon striking a foe, it will discharge some electrical energy
   and cause terrible harm.
   It affects your intelligence (+6).
   It affects your resistance to hostile enchantments.
   It lets you see invisible.
   It lets you turn invisible.
   It may make noises in combat.
Missiles
 M - a throwing net (quivered)
Armour
 i - a +2 pair of gloves of strength (worn)
 r - the +3 leather armour of the Trout (worn) {rF++}
   (You bought it in a shop on level 3 of the Elven Halls)

   It greatly protects you from fire.
 v - a scarf of spirit shield (worn)
 K - the +3 hat of Pondering (worn) {ponderous, MR+ MP+10 Int+5}
   (You took it off Gastronok on level 3 of the Lair of Beasts)

   It affects your intelligence (+5).
   It affects your resistance to hostile enchantments.
   It affects your magic capacity (+10).
 R - a +3 shield of reflection (worn) {Donald}
Magical Staves
 m - an uncursed staff of summoning {unknown}
Jewellery
 h - the ring "Ymikin" (on amulet) {rElec rPois MR- AC+5 Stlth+}
   (You took it off a deep elf sorcerer on level 3 of the Elven Halls)

   [ring of protection]

   It affects your AC (+5).
   It insulates you from electricity.
   It protects you from poison.
   It affects your resistance to hostile enchantments.
   It makes you more stealthy.
 n - an uncursed ring of flight
 p - the ring of Ytecwuofei (left hand) {rPois rC+ MP+9 EV+6 Stlth+}
   (You found it on level 5 of the Lair of Beasts)

   [ring of evasion]

   It affects your evasion (+6).
   It protects you from cold.
   It protects you from poison.
   It affects your magic capacity (+9).
   It makes you more stealthy.
 N - the macabre finger necklace (around neck) {rN+}
   (You took it off a deep elf annihilator on level 3 of the Elven Halls)

   [amulet of nothing]

   It protects you from negative energy.
 O - the ring of Revonij (right hand) {rPois rF+ rC+ rN+ Int+3}
   (You bought it in a shop on level 9 of the Dungeon)

   [ring of intelligence]

   It affects your intelligence (+3).
   It protects you from fire.
   It protects you from cold.
   It protects you from poison.
   It protects you from negative energy.
Wands
 j - a wand of clouds (0/9)
 l - a wand of digging (17/24)
 w - a wand of iceblast (6/15)
 x - a wand of confusion (8/48)
 y - a wand of acid (1/15)
 C - a wand of confusion (11/48)
 H - a wand of confusion (18/48)
 I - a wand of digging (0/24)
 P - a wand of confusion (39/48)
 Q - a wand of disintegration (17/24)
 T - a wand of lightning (7/15)
 U - a wand of lightning (7/15)
 X - a wand of paralysis (11/24)
Scrolls
 e - a scroll of recharging
 t - 14 scrolls of remove curse
 z - 10 scrolls of teleportation
 A - 4 scrolls of magic mapping
 G - 4 scrolls of fear
 V - 3 scrolls of fog
 W - 10 scrolls of identify
Potions
 b - 3 potions of flight
 g - 14 potions of curing
 o - 2 potions of cancellation
 S - a potion of resistance
Comestibles
 c - a bread ration
 E - 17 meat rations


   Skills:
 - Level 10.6 Fighting
 * Level 7.9 Maces & Flails
 - Level 10.1 Armour
 - Level 3.0 Dodging
 - Level 3.0 Stealth
 * Level 13.4 Shields
 * Level 16.9 Spellcasting
 - Level 11.0 Conjurations
 - Level 6.6 Hexes
 - Level 6.8 Translocations
 - Level 7.0 Fire Magic
 - Level 10.1 Ice Magic
 - Level 10.1 Air Magic
 - Level 7.0 Earth Magic
 - Level 6.0 Poison Magic
 - Level 8.6 Evocations


You had 5 spell levels left.
You knew the following spells:

 Your Spells              Type           Power        Failure   Level  Hunger
a - Bolt of Magma         Conj/Fire/Erth #######...   2%          5    None
b - Mephitic Cloud        Conj/Pois/Air  #######.     1%          3    None
c - Olgreb's Toxic Radia  Pois           ######..     2%          4    None
d - Venom Bolt            Conj/Pois      #######...   2%          5    None
e - Sting                 Conj/Pois      ####         1%          1    None
f - Tukima's Dance        Hex            #######.     1%          3    None
g - Dazzling Spray        Conj/Hex       ######       1%          3    None
h - Blink                 Tloc           N/A          1%          2    None
i - Passage of Golubria   Tloc           N/A          1%          4    None
j - Freezing Cloud        Conj/Ice/Air   #######...   5%          6    None
k - Confuse               Hex            #######.     1%          3    None
l - Apportation           Tloc           ######       1%          1    None
m - Fireball              Conj/Fire      #######...   2%          5    None
n - Static Discharge      Conj/Air       #######.     1%          3    None


Dungeon Overview and Level Annotations

Branches:
Dungeon (15/15)            Temple (1/1) D:4            Lair (6/6) D:9
 Shoals (4/4) Lair:2        Snake (4/4) Lair:3        Slime (0/5) Lair:5
    Orc (2/2) D:12            Elf (3/3) Orc:2        Vaults (3/5) D:14
 Depths (0/5) D:15
  Crypt: Vaults:2-3

Altars:
Ashenzari
Cheibriados
Dithmenos
Elyvilon
Fedhas
Gozag
Hepliaklqana
Kikubaaqudgha
Makhleb
Nemelex Xobeh
Okawaru
Qazlal
Ru
Sif Muna
Trog
Uskayaw
Vehumet
Wu Jian
Xom
Yredelemnul
Zin
The Shining One
Beogh

Shops:
D:7 *([(*   D:8 }   D:9 *[=   D:10 *   D:12 =   D:13 *   D:15 ([(   Orc:2 *(:?=
Elf:1 (   Elf:2 *   Elf:3 =}*   Vaults:1 *

Annotations:
Lair:2 exclusion: oklob plant
Shoals:4 Ilsuiw
Orc:2 exclusion: 2 upstairs
Elf:2 3 runed doors


Innate Abilities, Weirdness & Mutations

You cannot wear boots.
Your serpentine skin is tough. (AC +7)
You have supernaturally acute eyesight. (SInv)
Armour fits poorly on your strangely shaped body.
Your system is resistant to poisons. (rPois)
You cover ground very slowly.
You have a slow metabolism.
You can spit poison.
You can use your snake-like lower body to constrict enemies.
You have a pair of small horns on your head.
Your mind is acute. (Int +2)
Your spells are a little harder to cast, but a little more powerful.


Message History

The deep elf knight is recalled.
The yaktaur is recalled.
The vault warden is recalled.
The two-headed ogre is recalled.
The frost giant is recalled.
The vault warden hits you with a long sword.
* * * LOW HITPOINT WARNING * * *
You block the freezing wraith's attack. The freezing wraith barely misses you.
A deep elf knight, a yaktaur, 2 two-headed ogres, a frost giant and a vault warden come into view.
The vault warden is wielding a glaive of protection.
The frost giant is wielding a battleaxe of freezing.
You bludgeon the vault warden!!
You kill the vault warden!
The runic seals fade away.
You block the yaktaur's attack.
The deep elf knight hits you with an enchanted long sword.
* * * LOW HITPOINT WARNING * * *
You block the vault warden's attack.
You are no longer berserk.
You are exhausted.
You feel yourself slow down. You block the yaktaur's attack.
The frost giant hits you with a battleaxe of freezing!
You die...
Your body crumbles into a pile of gold.

##.#.##
##....(##
#.......+ $
##.)<..##
#.......#
##.....##
##.#.## #
###+#
#.#.#$#$#@##
.....$$pWcC#
.....>pO.e.#
.........O.#
#.#.#.#.#.##
# # #######


You could see a frost giant, a vault warden, 2 two-headed ogres, a deep elf
knight, an ironbrand convoker, a yaktaur and a freezing wraith.

Vanquished Creatures
  Saint Roka (D:14)
  Jorgrun (Vaults:1)
  Rupert (D:14)
  A lich (Vaults:3)
  A deep elf blademaster (Elf:2)
  Gastronok (Lair:3)
  4 deep elf master archers (Elf:3)
  Kirke (Lair:6)
  Frances (D:12)
  Donald (Orc:2)
  7 nagarajas (Snake:4)
  A frost giant (Vaults:2)
  10 vault wardens
  7 deep elf sorcerers (Elf:3)
  2 deep elf elementalists (Elf:3)
  3 stone giants
  3 very ugly things (Vaults:1)
  9 ironheart preservers
  2 entropy weavers (Vaults:2)
  4 deep elf demonologists
  Nessos (Lair:6)
  12 deep elf annihilators
  4 deep elf death magi
  3 merfolk javelineers (Shoals:4)
  4 deep elf high priests (Elf:3)
  8 hydras
  4 merfolk impalers (Shoals:4)
  2 great orbs of eyes
  2 yaktaur captains
  Josephine (D:13)
  7 vault guards
  2 ice dragons (IceCv)
  An alligator snapping turtle (Shoals:4)
  14 anacondas
  A catoblepas (Lair:2)
  12 naga warriors
  13 two-headed ogres
  A death knight (D:15)
  3 death yaks
  10 centaur warriors
  3 tengu warriors
  A merfolk aquamancer (Shoals:4)
  4 ogre magi
  A vampire mage (D:15)
  A satyr (Shoals:3)
  A deep troll shaman (Vaults:2)
  7 naga sharpshooters
  An orc high priest (Orc:2)
  5 shock serpents
  8 deep elf knights
  Sonja (D:10)
  8 skeletal warriors
  4 salamander mystics (Snake:4)
  A wizard (Vaults:1)
  4 unseen horrors
  A flayed ghost (Vaults:2)
  8 naga ritualists
  4 sea snakes
  2 glowing orange brains (Vaults:2)
  4 lindwurms (Snake:4)
  14 deep trolls
  15 deep elf archers
  11 ironbrand convokers
  A kraken simulacrum (Shoals:4)
  A tengu zombie (D:15)
  5 mana vipers (Snake:4)
  10 orc knights
  A sphinx zombie (Vaults:2)
  4 wolf spiders
  46 deep elf magi
  36 ugly things
  2 necromancers
  5 fauns
  4 harpies (Vaults:2)
  A frost giant zombie (D:15)
  5 salamanders
  A stone giant zombie (D:15)
  5 orc sorcerers
  11 manticores
  5 elephants (Lair:6)
  Maurice (D:10)
  13 cyclopes
  5 merfolk sirens
  6 vault sentinels
  24 black mambas
  An eye of devastation (shapeshifter) (D:13)
  5 guardian serpents (Snake:4)
  12 naga magi
  4 water nymphs
  10 spiny frogs
  2 ice statues (IceCv)
  A yaktaur zombie (Vaults:2)
  Psyche (D:9)
  7 centaur skeletons
  2 gargoyles
  A torpor snail (Lair:5)
  2 freezing wraiths
  3 efreet
  2 rime drakes (IceCv)
  4 komodo dragons
  10 yaktaurs
  A wind drake (shapeshifter) (Vaults:1)
  A tengu conjurer (D:14)
  14 merfolk
  3 hornets
  A polar bear (Lair:6)
  A tengu simulacrum (Vaults:1)
  A troll (shapeshifter) (Vaults:1)
  4 tyrant leeches (Lair:6)
  9 trolls
  3 wind drakes
  An ettin zombie (Vaults:2)
  6 snapping turtles
  19 blink frogs
  A deep troll zombie (D:15)
  18 slime creatures
  10 dream sheep
  17 hippogriffs
  A frost giant simulacrum (Vaults:1)
  3 redbacks (Vaults:2)
  4 shadows
  A redback (shapeshifter) (Elf:2)
  A tarantella (Vaults:2)
  4 water elementals
  A centaur simulacrum (D:14)
  5 basilisks
  7 wraiths
  2 fire elementals
  2 wyverns
  51 yaks
  A human (shapeshifter) (D:7)
  16 humans
  A golden eye (shapeshifter) (Vaults:2)
  3 hungry ghosts
  A yaktaur simulacrum (Vaults:2)
  10 vampire mosquitoes
  Edmund (D:4)
  A warg (Vaults:2)
  25 water moccasins
  20 nagas
  3 acid dragons
  2 soldier ants
  2 hell hounds
  8 porcupines
  51 orc warriors
  2 sky beasts
  4 black bears
  A meliai simulacrum (D:13)
  3 eyes of draining
  19 ice beasts
  14 ogres
  13 wolves (Lair:3)
  9 boggarts
  37 centaurs
  12 crocodiles
  2 big kobolds
  24 bullfrogs
  A gnoll sergeant (D:10)
  2 wyvern zombies
  3 earth elementals
  A wyvern skeleton (D:15)
  4 scorpions
  9 killer bees
  A troll skeleton (D:11)
  4 wights (D:14)
  5 electric eels
  6 centaur zombies
  6 howler monkeys
  2 bullfrog zombies
  7 crimson imps
  3 human simulacra
  A quasit (D:8)
  Crazy Yiuf (D:5)
  7 jellies
  19 orc priests
  6 hounds
  31 orc wizards
  4 bullfrog skeletons
  7 iguanas
  Ijyb (D:5)
  10 worker ants
  2 bullfrog simulacra (D:13)
  2 hound skeletons
  7 gnolls
  15 adders
  2 howler monkey skeletons
  3 river rats (Sewer)
  2 shadow imps
  4 white imps (D:13)
  2 ufetubi
  3 oozes (Lair:5)
  An adder zombie (D:6)
  3 worms
  A dart slug (D:2)
  6 leopard geckos
  108 orcs
  4 ball pythons
  11 bats
  6 giant cockroaches
  15 goblins
  10 hobgoblins
  9 jackals
  12 kobolds
  3 quokkas
  4 frilled lizards
  A quokka skeleton (D:4)
  8 rats
  2 butterflies (D:4)
  A fungus (Lair:6)
  3 plants
  5 withered plants (D:15)
1407 creatures vanquished.

Vanquished Creatures (collateral kills)
  Erica (Orc:1)
  A komodo dragon (Lair:6)
  2 blink frogs (Lair:6)
  A centaur simulacrum (D:13)
  A water moccasin (Lair:6)
  A phantom (D:13)
  A bullfrog (Lair:6)
  A white imp (D:13)
9 creatures vanquished.

Vanquished Creatures (others)
  Agnes (Snake:4)
  A merfolk impaler (Shoals:3)
  3 centaur warriors
  13 dancing weapons
  A two-headed ogre (D:10)
  A naga sharpshooter (Snake:4)
  2 deep elf archers
  An orc knight (Vaults:1)
  A naga ritualist (Snake:4)
  A deep elf mage (Elf:2)
  An ugly thing (D:15)
  A black mamba (Snake:4)
  A naga mage (Snake:4)
  A centaur skeleton (D:15)
  7 spiny frogs (Lair:6)
  A yaktaur (Vaults:2)
  2 blink frogs (Lair:6)
  A water elemental (Elf:1)
  4 humans (Lair:6)
  3 orc warriors (Orc:2)
  An eye of draining (D:13)
  2 centaurs
  A wight (D:14)
  An electric eel (D:13)
  A bullfrog zombie (D:13)
  An ufetubus (D:13)
  2 orcs (Orc:2)
  2 kobolds (D:14)
  A bush (Elf:3)
  16 fungi
  56 plants
  8 tentacles (Shoals:4)
  8 withered plants (D:15)
147 creatures vanquished.

Grand Total: 1563 creatures vanquished

Notes
Turn   | Place    | Note
-------+----------+-------------------------------------------
     0 | D:1      | Chiseanne the Naga Venom Mage began the quest for the Orb.
     0 | D:1      | Reached XP level 1. HP: 15/15 MP: 3/3
   173 | D:1      | Reached XP level 2. HP: 13/22 MP: 0/5
   819 | D:2      | Reached XP level 3. HP: 5/28 MP: 1/6
  2051 | D:2      | Reached XP level 4. HP: 31/36 MP: 8/8
  2416 | D:3      | Learned a level 3 spell: Mephitic Cloud
  2421 | D:3      | Learned a level 4 spell: Olgreb's Toxic Radiance
  2559 | D:3      | Reached skill level 5 in Poison Magic
  2890 | D:3      | Found an iron altar of Okawaru.
  2933 | D:3      | Reached XP level 5. HP: 36/42 MP: 9/9
  3164 | D:3      | Reached skill level 3 in Spellcasting
  3564 | D:4      | Noticed Edmund
  3643 | D:4      | Killed Edmund
  3643 | D:4      | Reached XP level 6. HP: 49/49 MP: 1/11
  4197 | D:4      | Found a staircase to the Ecumenical Temple.
  4219 | Temple   | Entered the Ecumenical Temple
  4404 | Temple   | Became a worshipper of Gozag Ym Sagoz the Greedy
  4615 | D:4      | Reached skill level 4 in Spellcasting
  4683 | D:4      | Reached XP level 7. HP: 55/55 MP: 13/13
  4870 | D:5      | Entered Level 5 of the Dungeon
  5020 | D:5      | Found a glowing drain.
  5029 | Sewer    | Entered a sewer
  5034 | Sewer    | Reached skill level 5 in Spellcasting
  5089 | Sewer    | Learned a level 5 spell: Venom Bolt
  5247 | Sewer    | Found a white marble altar of Elyvilon.
  5368 | D:5      | Found a stormy altar of Qazlal.
  5369 | D:5      | Found a shattered altar of Ashenzari.
  5374 | D:5      | Found a shimmering altar of Xom.
  5374 | D:5      | Noticed Ijyb
  5385 | D:5      | Killed Ijyb
  5626 | D:5      | Reached skill level 6 in Spellcasting
  5740 | D:5      | Found a runed door.
  5911 | D:5      | Noticed Crazy Yiuf
  5920 | D:5      | Killed Crazy Yiuf
  5920 | D:5      | Reached XP level 8. HP: 50/62 MP: 16/17
  6417 | D:6      | Reached skill level 7 in Spellcasting
  6846 | D:7      | Found Xounox's Weapon Shop.
  6914 | D:7      | Reached skill level 8 in Spellcasting
  7225 | D:7      | Found Yttitama's Weapon Shop.
  7383 | D:7      | Reached skill level 9 in Spellcasting
  7383 | D:7      | Reached XP level 9. HP: 64/68 MP: 22/22
  7508 | D:7      | Found Pasourhoe's Antique Armour Shop.
  7605 | D:7      | Found Mirras's General Store.
  7608 | D:7      | Bought a scroll of identify for 22 gold pieces
  7608 | D:7      | Bought a bread ration for 55 gold pieces
  7608 | D:7      | Bought a meat ration for 55 gold pieces
  7608 | D:7      | Bought a potion of curing for 33 gold pieces
  7608 | D:7      | Bought a potion of curing for 33 gold pieces
  7608 | D:7      | Bought a scroll of fog for 22 gold pieces
  7761 | D:7      | Found Kozoergh's Assorted Antiques.
  7764 | D:7      | Bought a scroll of teleportation for 60 gold pieces
  7764 | D:7      | Bought a scroll labeled FUCZEJ MOCHESS for 20 gold pieces
  7764 | D:7      | Bought a potion of agility for 80 gold pieces
  7764 | D:7      | Bought a scroll of identify for 40 gold pieces
  7764 | D:7      | Bought a murky silvery potion for 18 gold pieces
  7824 | D:7      | Bought a spiked buckler for 209 gold pieces
  7831 | D:7      | Identified the +0 buckler of Distant Shores {+Blink Regen+ Dex-2} (You bought it in a shop on level 7 of the Dungeon)
  8018 | D:8      | Reached skill level 1 in Evocations
  8048 | D:8      | Reached skill level 1 in Shields
  8063 | D:8      | Found a glowing golden altar of the Shining One.
  8118 | D:8      | Found Taloth's Gadget Shop.
  8331 | D:8      | Noticed a gargoyle
  8727 | D:9      | Noticed Psyche
  8736 | D:9      | Killed Psyche
  8742 | D:9      | Reached skill level 5 in Evocations
  8915 | D:8      | Killed a gargoyle
  8915 | D:8      | Reached XP level 10. HP: 61/75 MP: 23/23
  9084 | D:9      | Found a staircase to the Lair.
  9119 | D:9      | Found Lyguts's Assorted Antiques.
  9129 | D:9      | Reached skill level 5 in Shields
  9198 | D:9      | Bought a smoky blue potion for 21 gold pieces
  9418 | D:10     | Entered Level 10 of the Dungeon
  9419 | D:10     | Noticed Sonja
  9427 | D:10     | Killed Sonja
  9790 | D:10     | Noticed a two-headed ogre
  9798 | D:10     | Killed a two-headed ogre
  9861 | D:10     | Noticed a two-headed ogre
  9868 | D:10     | Noticed Maurice
  9872 | D:10     | Killed a two-headed ogre
  9881 | D:10     | Killed Maurice
  9881 | D:10     | Reached XP level 11. HP: 81/81 MP: 3/24
 10419 | D:10     | Found a sacrificial altar of Ru.
 10614 | D:10     | Bought a royal jelly for 32 gold pieces
 10614 | D:10     | Bought a potion of mutation for 128 gold pieces
 10717 | D:7      | Bought a pearl-encrusted ring mail for 198 gold pieces
 10729 | D:7      | Identified the +5 ring mail of Dikhlim {MR+ Dex+5} (You bought it in a shop on level 7 of the Dungeon)
 10857 | D:11     | Reached skill level 1 in Fighting
 11016 | D:11     | Reached skill level 1 in Armour
 11021 | D:11     | Noticed a four-headed hydra
 11031 | D:11     | Killed a four-headed hydra
 11229 | D:11     | Noticed an unseen horror
 11268 | D:11     | Killed an unseen horror
 11386 | D:11     | Noticed a two-headed ogre
 11406 | D:11     | Killed a two-headed ogre
 11817 | D:12     | Noticed a cyclops
 11845 | D:11     | Reached skill level 5 in Fighting
 12006 | D:12     | Killed a cyclops
 12078 | D:12     | Noticed a two-headed ogre
 12086 | D:12     | Killed a two-headed ogre
 12086 | D:12     | Reached XP level 12. HP: 104/104 MP: 24/25
 12207 | D:12     | Found Jefui's Jewellery Boutique.
 12359 | D:12     | Reached skill level 5 in Armour
 12844 | D:11     | Noticed a two-headed ogre
 12857 | D:11     | Killed a two-headed ogre
 12981 | D:12     | Found the +0 Maxwell's etheric cage {RegenMP+ *Contam rElec MP+4}
 12988 | D:12     | Noticed Frances
 13251 | D:7      | Bought a pair of embroidered gloves for 165 gold pieces
 13287 | D:7      | Bought a scratched emerald ring for 100 gold pieces
 13326 | D:7      | Bought a dazzling ring mail for 198 gold pieces
 13339 | D:7      | Identified the cursed +1 ring mail of Chimes {Dex+4} (You bought it in a shop on level 7 of the Dungeon)
 13697 | D:12     | Killed Frances
 14285 | D:12     | Found a staircase to the Orcish Mines.
 14377 | Orc:1    | Entered Level 1 of the Orcish Mines
 14550 | Orc:2    | Entered Level 2 of the Orcish Mines
 14594 | Orc:2    | Found a roughly hewn altar of Beogh.
 14657 | Orc:2    | Found Wauruclu's Jewellery Boutique.
 14665 | Orc:2    | Bought a cursed amulet of inaccuracy for 24 gold pieces
 14698 | Orc:2    | Noticed Donald
 14723 | Orc:2    | Killed Donald
 14805 | Orc:2    | Gained mutation: You can use your snake-like lower body to constrict enemies. [Naga growth]
 14805 | Orc:2    | Reached XP level 13. HP: 121/121 MP: 22/26
 14992 | Orc:2    | Learned a level 3 spell: Confuse
 14996 | Orc:2    | Learned a level 3 spell: Tukima's Dance
 15000 | Orc:2    | Learned a level 3 spell: Dazzling Spray
 15067 | Orc:2    | Found a staircase to the Elven Halls.
 15619 | D:12     | Bought the amulet of Girei {Faith rC+ Int+5 Dex+4 Stlth-} for 929 gold pieces
 15861 | Orc:2    | Reached skill level 10 in Fighting
 16399 | Orc:2    | Found Derhaatu's Book Shop.
 16399 | Orc:2    | Found Zeri's Weapon Emporium.
 16403 | Orc:2    | Found Hypsaunt's General Store.
 16405 | Orc:2    | Found Rig Leza's Magic Scroll Boutique.
 16413 | Orc:2    | Bought 2 potions of heal wounds for 140 gold pieces
 16413 | Orc:2    | Bought a bread ration for 70 gold pieces
 16413 | Orc:2    | Bought a scroll of enchant weapon for 105 gold pieces
 16413 | Orc:2    | Bought 2 fruits for 42 gold pieces
 16422 | Orc:2    | Bought a scroll of magic mapping for 45 gold pieces
 16422 | Orc:2    | Bought a scroll of enchant weapon for 97 gold pieces
 16422 | Orc:2    | Bought a scroll of magic mapping for 45 gold pieces
 16422 | Orc:2    | Bought a scroll of immolation for 45 gold pieces
 16856 | Orc:1    | Noticed Erica
 16872 | Orc:1    | Killed Erica
 17327 | D:13     | Found a frozen archway.
 17336 | IceCv    | Entered an ice cave
 18137 | IceCv    | Noticed an ice dragon
 18138 | IceCv    | Noticed an ice dragon
 18161 | IceCv    | Killed an ice dragon
 18170 | IceCv    | Killed an ice dragon
 18170 | IceCv    | Reached skill level 10 in Armour
 18508 | D:13     | Reached skill level 10 in Spellcasting
 18843 | D:13     | Noticed Josephine
 18886 | D:13     | Killed Josephine
 18976 | D:13     | Bought a scroll of identify for 76 gold pieces
 18976 | D:13     | Bought an ichor-stained dagger for 266 gold pieces
 18977 | D:13     | Identified the cursed +0 dagger "Pendulum" {antimagic, rF+ Int-5 Dex+4} (You bought it in a shop on level 13 of the Dungeon)
 18980 | D:13     | Bought a distressingly furry scale mail for 342 gold pieces
 18981 | D:13     | Identified the +5 scale mail of Abstinence {rN+} (You bought it in a shop on level 13 of the Dungeon)
 19018 | D:13     | Reached skill level 5 in Conjurations
 19018 | D:13     | Reached XP level 14. HP: 130/133 MP: 28/28
 19359 | D:9      | Learned a level 2 spell: Blink
 19373 | D:9      | Bought a metal-bound book for 360 gold pieces
 19386 | Lair:1   | Entered Level 1 of the Lair of Beasts
 20540 | Lair:2   | Reached skill level 11 in Spellcasting
 20722 | Lair:2   | Found a staircase to the Shoals.
 21865 | Lair:3   | Noticed Gastronok
 21876 | Lair:3   | Killed Gastronok
 22404 | Lair:3   | Found a staircase to the Snake Pit.
 22767 | Lair:4   | Learned a level 4 spell: Passage of Golubria
 23602 | Lair:5   | Reached skill level 12 in Spellcasting
 23721 | Lair:5   | Identified the ring of Ytecwuofei {rPois rC+ MP+9 EV+6 Stlth+} (You found it on level 5 of the Lair of Beasts)
 23814 | Lair:5   | Found a burning altar of Makhleb.
 23862 | Lair:5   | Found a staircase to the Slime Pits.
 24094 | Lair:5   | Learned a level 6 spell: Freezing Cloud
 24479 | Lair:6   | Entered Level 6 of the Lair of Beasts
 24526 | Lair:6   | Reached XP level 15. HP: 87/140 MP: 31/31
 24558 | Lair:6   | Noticed Nessos
 24942 | Lair:6   | Noticed Kirke
 24973 | Lair:6   | Killed Kirke
 25004 | Lair:6   | Reached skill level 10 in Conjurations
 25155 | Lair:6   | Killed Nessos
 25155 | Lair:6   | Reached skill level 13 in Spellcasting
 26451 | D:9      | Bought the ring of Revonij {rPois rF+ rC+ rN+ Int+3} for 902 gold pieces
 26521 | Shoals:1 | Entered Level 1 of the Shoals
 26623 | Shoals:1 | Reached skill level 1 in Hexes
 27546 | Shoals:3 | Got a jewelled war axe {holy}
 27547 | Shoals:3 | Identified the +5 war axe of Valiance {holy, rC+} (You took it off a merfolk on level 3 of the Shoals)
 27792 | Shoals:4 | Entered Level 4 of the Shoals
 27803 | Shoals:4 | Noticed Ilsuiw
 27816 | Shoals:4 | Reached skill level 5 in Hexes
 27816 | Shoals:4 | Reached XP level 16. HP: 110/148 MP: 6/33
 28452 | Shoals:4 | Got a barnacled rune of Zot
 28728 | Snake:1  | Entered Level 1 of the Snake Pit
 28907 | Snake:2  | Learned a level 5 spell: Bolt of Magma
 28939 | Snake:2  | Reached skill level 1 in Fire Magic
 29036 | Snake:2  | Reached skill level 1 in Earth Magic
 29512 | Snake:4  | Entered Level 4 of the Snake Pit
 29573 | Snake:4  | Noticed a nagaraja
 30572 | Snake:4  | Noticed Agnes
 30609 | Snake:4  | Killed Agnes
 30609 | Snake:4  | Reached skill level 10 in Shields
 30636 | Snake:4  | Identified the +6 hand axe of Leog {chop, Stlth+} (You found it on level 4 of the Snake Pit)
 30728 | Snake:4  | Killed a nagaraja
 30836 | Snake:4  | Reached skill level 5 in Earth Magic
 30855 | Snake:4  | Reached skill level 5 in Fire Magic
 30911 | Snake:4  | Noticed a nagaraja
 30920 | Snake:4  | Killed a nagaraja
 30920 | Snake:4  | Reached XP level 17. HP: 31/154 MP: 16/34
 32231 | Snake:4  | Reached skill level 1 in Translocations
 32233 | Snake:4  | HP: 5/154 [lindwurm/blast of flame (3)]
 33899 | Snake:4  | Got a serpentine rune of Zot
 34017 | Snake:4  | Reached skill level 5 in Translocations
 34475 | D:14     | Noticed Rupert
 34499 | D:14     | Killed Rupert
 34807 | D:14     | Found a gate to the Vaults.
 34884 | D:15     | Entered Level 15 of the Dungeon
 35117 | D:15     | Reached XP level 18. HP: 143/163 MP: 7/35
 35537 | D:15     | Reached skill level 1 in Ice Magic
 35537 | D:15     | Reached skill level 1 in Air Magic
 35566 | D:15     | Found a blossoming altar of Fedhas.
 35615 | D:15     | Found a staircase to the Depths.
 36044 | D:15     | Gained mutation: You occasionally shout uncontrollably at your foes. [mutagenic glow]
 36333 | D:15     | Bought the +9 flail "Poqi" {elec, *Noise +Inv MR- Int+6 SInv} for 1152 gold pieces
 36481 | D:15     | Found Facaimaz's Antique Weapon Emporium.
 36724 | D:15     | Upgraded the game from 0.21-a0-225-g207ae17 to 0.21-a0-227-g58a7c62
 37614 | Elf:1    | Entered Level 1 of the Elven Halls
 37869 | Elf:1    | Learned a level 1 spell: Apportation
 37965 | Elf:1    | Reached skill level 14 in Spellcasting
 38050 | Elf:1    | Identified Jixza's Catalogue of the Escort
 38171 | Elf:1    | Reached skill level 5 in Air Magic
 38173 | Elf:1    | Reached skill level 5 in Ice Magic
 38529 | Elf:1    | Found Guluhusm's Weapon Boutique.
 39087 | Elf:2    | Found a runed gate.
 39087 | Elf:2    | Found a runed gate.
 39088 | Elf:2    | Found a runed gate.
 39306 | Elf:3    | Entered Level 3 of the Elven Halls
 39379 | Elf:3    | Found Ciczeu's Assorted Antiques.
 39383 | Elf:3    | Found Eqoidoemi's Gadget Emporium.
 39384 | Elf:3    | Found Ycoru's Jewellery Shoppe.
 39387 | Elf:3    | Bought a scroll of teleportation for 96 gold pieces
 39387 | Elf:3    | Bought a distressingly furry leather armour for 224 gold pieces
 39387 | Elf:3    | Bought a scroll of teleportation for 96 gold pieces
 39387 | Elf:3    | Bought a potion of brilliance for 128 gold pieces
 39387 | Elf:3    | Identified the +3 leather armour of the Trout {rF++} (You bought it in a shop on level 3 of the Elven Halls)
 39496 | Elf:2    | Found Otuv's Assorted Antiques.
 39539 | Elf:2    | Got a heavily runed lead ring
 39541 | Elf:2    | Identified the ring of Iskacudgh {MR+ Str+2 Stlth+} (You found it on level 2 of the Elven Halls)
 39546 | Elf:2    | Bought a fine robe for 153 gold pieces
 39546 | Elf:2    | Identified the +2 robe "Ymuirgh" {Int+4} (You bought it in a shop on level 2 of the Elven Halls)
 39786 | Elf:3    | Reached XP level 19. HP: 121/170 MP: 6/37
 39817 | Elf:3    | Noticed a Tzitzimitl
 40672 | Elf:3    | Identified the ring "Xotuuj" {rF+ MR- Int+7} (You took it off a deep elf demonologist on level 3 of the Elven Halls)
 40717 | Elf:3    | Identified the ring "Ymikin" {rElec rPois MR- AC+5 Stlth+} (You took it off a deep elf sorcerer on level 3 of the Elven Halls)
 40746 | Elf:3    | Reached skill level 15 in Spellcasting
 41471 | Elf:3    | Identified the Almanac of Scorching Bewitchment
 41480 | Elf:3    | Learned a level 5 spell: Fireball
 41548 | Elf:3    | Identified Mifysypi's Tome of Captivating Aid
 41551 | Elf:3    | Identified the Catalogue of Toxins
 41643 | Elf:3    | Identified the +4 hunting sling "Jetecesk" {velocity, *Drain +Blink Str+7 Dex+2} (You found it on level 3 of the Elven Halls)
 41880 | Vaults:1 | Entered Level 1 of the Vaults
 42790 | D:15     | Learned a level 3 spell: Static Discharge
 42901 | D:15     | Lost mutation: You occasionally shout uncontrollably at your foes. [potion of mutation]
 42901 | D:15     | Gained mutation: You have a pair of small horns on your head. [potion of mutation]
 42901 | D:15     | Gained mutation: Your mind is acute. (Int +2) [potion of mutation]
 42901 | D:15     | Gained mutation: Your spells are a little harder to cast, but a little more powerful. [potion of mutation]
 43629 | Vaults:1 | Reached XP level 20. HP: 154/178 MP: 5/39
 43991 | Vaults:1 | Noticed Saint Roka
 44217 | D:14     | Killed Saint Roka
 44217 | D:14     | Reached skill level 10 in Air Magic
 44680 | Vaults:1 | Reached skill level 10 in Ice Magic
 44835 | Vaults:1 | Reached skill level 1 in Maces & Flails
 45321 | Vaults:1 | Noticed Jorgrun
 45331 | Vaults:1 | Killed Jorgrun
 45533 | Vaults:1 | Found Dum Deoh's Assorted Antiques.
 45539 | Vaults:1 | Bought a twisted glowing staff for 372 gold pieces
 45539 | Vaults:1 | Bought 2 potions of might for 248 gold pieces
 45539 | Vaults:1 | Bought a scroll of enchant armour for 232 gold pieces
 45539 | Vaults:1 | Bought a scroll of identify for 62 gold pieces
 45539 | Vaults:1 | Bought a scroll of teleportation for 93 gold pieces
 46163 | Vaults:1 | Reached skill level 16 in Spellcasting
 47340 | Vaults:2 | Reached skill level 5 in Maces & Flails
 48120 | Vaults:2 | Reached XP level 21. HP: 164/184 MP: 41/41
 49948 | Vaults:3 | HP: 13/276 [vault warden/long sword (3)]
 49950 | Vaults:3 | Slain by a frost giant

Vault maps used:
D:1:      dpeg_arrival_rooms_with_view, minivault_25, grunt_decor_arrowhead,
          serial_bayou_crossing
D:3:      kennysheep_the_goblin_king, okawaru_ov_weapons_minmay
D:4:      minmay_temple_entry_butterflies, first_bread, uniq_edmund
D:5:      grunt_temple_overflow_open, cheibrodos_sewer_entry_drain,
          st_stairs_13, uniq_ijyb, uniq_crazy_yiuf_cottage
D:7:      serial_shops, kennysheep_mini, shop, kennysheep_mini_moat, shop,
          nicolae_shop_window_shopping, minmay_three_doors
D:8:      lemuel_round_altar, serial_shops, shop
D:9:      minmay_lair_entry_lava, serial_shops, nicolae_shop_statue_plus,
          uniq_psyche
D:10:     serial_park_tiny_2, grunt_ogre_cave, kennysheep_diamond,
          amethyst_killhole, uniq_maurice, uniq_sonja
D:11:     hangedman_tell_no_tales
D:12:     erik_orc_2, serial_shops, nicolae_shop_behind_doors, uniq_frances
D:13:     serial_ice, serial_ice_b, serial_ice_g, serial_ice_k, serial_ice_o,
          portal_ice_cave_entry_pillars_1, uniq_josephine
D:14:     david_vaults_3, minivault_24, st_stairs_6
D:15:     gammafunk_depths_entry_grave, fedhas_altar_1, serial_shops,
          nicolae_shop_window_shopping
Temple:   regret_index_temple_mists
Lair:1:   cheibrodos_lair_river_kwai, grunt_megastairs_4
Lair:2:   minmay_shoals_entry_centaurs, minmay_lair_oklob_bushes
Lair:3:   minmay_snake_entry_six_corridors, serial_bayou_pond_b,
          beast_lair_carwin_10, uniq_gastronok
Lair:4:   infiniplex_staircase_pool
Lair:5:   nicolae_slime_entry_slimehenge, basic_altar
Lair:6:   minmay_lair_end_frog_pond, uniq_kirke, uniq_nessos
Shoals:1: serial_shops, nicolae_shop_trees
Shoals:4: shoals_end_grunt_ice, shoals_ilsuiw_alternative,
          nicolae_shoals_mertower
Snake:1:  serial_shops, nicolae_shop_crystal, spider_trap,
          hangedman_corner_corridor
Snake:2:  kennysheep_snake
Snake:3:  uniq_vashnia
Snake:4:  snake_pit_salamanders_mu, uniq_agnes
Orc:1:    guppyfry_library_mini, uniq_erica
Orc:2:    st_orc_rangers, serial_shops, shop, basic_altar, roderic_batcave,
          uniq_donald
Elf:1:    eino_elf_arrival_sip, serial_shops, shop_statue,
          minmay_elf_demonology, st_stairs_14
Elf:2:    serial_shops, nicolae_shop_stone
Elf:3:    minmay_elf_hall_furrowed, minmay_shop_star, basic_stair_grate_trap
Vaults:1: hangedman_vaults_stream, nicolae_vaults_network_quinsquares,
          nicolae_vaults_network_periphery, grunt_vaults_funnel,
          ontoclasm_vaults_misaligned, vaults_room_door_ring,
          hangedman_vaults_cutoff, nicolae_vaults_twisting_passages,
          ontoclasm_vaults_misaligned, ontoclasm_vaults_misaligned,
          grunt_vaults_hallway_long, v_misc_13, v_misc_19,
          ontoclasm_vaults_misaligned, hangedman_vaults_corner_blocks,
          ontoclasm_vaults_decontamination, infiniplex_enter_wizlab_glasses,
          serial_shops, shop, uniq_saint_roka, uniq_jorgrun
Vaults:2: nicolae_vaults_circle_grid_a, hangedman_vaults_snaps,
          hangedman_vaults_nodes, ontoclasm_vaults_claustrophobia, v_misc_26,
          ontoclasm_vaults_chip, nicolae_vaults_little_squares_2,
          vaults_mumra_chevron_long, v_misc_2, nicolae_vaults_little_squares_2,
          nicolae_vaults_ring_of_whatevers, nicolae_vaults_little_squares_6,
          ontoclasm_vaults_loading_screen, hangedman_vaults_maws,
          vaults_dpeg_ring
Vaults:3: nicolae_vaults_stairing_the_circle, grunt_tower_of_power,
          minmay_crypt_entry_simple_plaza, v_rooms_2, v_misc_17, serial_ice_g,
          vaults_room_hallway, ontoclasm_vaults_loading_screen,
          nicolae_vaults_alarming, hangedman_vaults_maws, vaults_dpeg_hooks,
          v_misc_9, ontoclasm_vaults_ring_large, v_alt_pattern_6,
          ontoclasm_vaults_fault, nicolae_vaults_little_squares_1
Sewer:    sewer_kobolds
IceCv:    ice_cave_small_dragons

Skill      XL: |  1  2  3  4  5  6  7  8  9 10 11 12 13 14 15 16 17 18 19 20 21 |
---------------+----------------------------------------------------------------+-----
Dodging        | 2 3 |  3.0
Poison Magic   | 5 6 |  6.0
Conjurations   | 2 3 5 9 11 | 11.0
Spellcasting   | 3 4 6 9 10 12 13 14 15 16 | 16.9
Evocations     | 5 8 |  8.6
Shields        | 4 7 8 10 11 12 13 | 13.4
Fighting       | 5 9 10 | 10.6
Armour         | 4 7 10 | 10.1
Hexes          | 5 6 |  6.6
Fire Magic     | 5 7 |  7.0
Earth Magic    | 5 7 |  7.0
Translocations | 6 |  6.8
Ice Magic      | 6 9 10 | 10.1
Air Magic      | 6 9 10 | 10.1
Maces & Flails | 6 7 |  7.9
Stealth        | |  3.0

Action                   |  1- 3 |  4- 6 |  7- 9 | 10-12 | 13-15 | 16-18 | 19-21 || total
-------------------------+-------+-------+-------+-------+-------+-------+-------++-------
Melee: Dagger            |    26 |    48 |       |       |       |       |       ||    74
       Flail             |       |    13 |   149 |   221 |   811 |   708 |   546 ||  2448
       Quarterstaff      |       |       |     2 |       |       |       |       ||     2
       Hand axe          |       |       |     5 |       |       |       |       ||     5
       Short sword       |       |       |       |    45 |    16 |       |       ||    61
       Constrict         |       |       |       |       |   168 |   119 |    89 ||   376
       Staff             |       |       |       |       |     2 |       |       ||     2
       Headbutt          |       |       |       |       |       |       |   117 ||   117
Throw: Stone             |       |       |     1 |     1 |       |       |       ||     2
 Cast: Sting             |    73 |   110 |   179 |   235 |   383 |    36 |       ||  1016
       Mephitic Cloud    |       |     7 |    19 |    70 |   116 |    33 |    58 ||   303
       Olgreb's Toxic Ra |       |     7 |    16 |    72 |   196 |    28 |    12 ||   331
       Dazzling Spray    |       |       |       |       |    16 |       |       ||    16
       Tukima's Dance    |       |       |       |       |     8 |     1 |       ||     9
       Blink             |       |       |       |       |     1 |     9 |     7 ||    17
       Venom Bolt        |       |       |       |       |     4 |   110 |   172 ||   286
       Confuse           |       |       |       |       |     1 |       |     4 ||     5
       Bolt of Magma     |       |       |       |       |       |   385 |   253 ||   638
       Apportation       |       |       |       |       |       |     1 |     1 ||     2
       Fireball          |       |       |       |       |       |       |    16 ||    16
Invok: Call Merchant     |       |       |       |     1 |     2 |     2 |     1 ||     6
       Potion Petition   |       |       |       |     1 |       |     1 |     1 ||     3
 Abil: Spit Poison       |     2 |       |     1 |     5 |     3 |       |     2 ||    13
Evoke: Wand              |       |       |     1 |    13 |    58 |    28 |    29 ||   129
       Sack of spiders   |       |       |       |       |       |     2 |       ||     2
  Use: Scroll            |     8 |     6 |    13 |    12 |    25 |    13 |     7 ||    84
       Potion            |       |     1 |     4 |     9 |     5 |     3 |     7 ||    29
 Stab: Sleeping          |       |       |     1 |     1 |       |       |       ||     2
       Paralysed         |       |       |     5 |     4 |    13 |       |       ||    22
       Distracted        |       |       |     1 |     2 |     7 |     9 |     6 ||    25
       Confused          |       |       |       |     3 |     7 |       |     8 ||    18
       Invisible         |       |       |       |       |     4 |       |       ||     4
  Eat: Chunk             |     3 |     9 |       |       |       |       |       ||    12
       Fruit             |       |     4 |     4 |     4 |     9 |     7 |       ||    28
       Royal jelly       |       |     1 |     1 |     5 |     3 |     1 |     4 ||    15
       Bread ration      |       |       |     1 |     1 |     6 |     6 |     4 ||    18
Armor: Robe              |     3 |    19 |   120 |    28 |       |       |       ||   170
       Skin              |       |    11 |       |       |       |       |       ||    11
       Ring mail         |       |       |       |   188 |   621 |   338 |    59 ||  1206
       Leather armour    |       |       |       |       |       |       |   211 ||   211
Dodge: Dodged            |    37 |    33 |   126 |   213 |   592 |   538 |   360 ||  1899
Block: Buckler           |       |       |    23 |   127 |    23 |       |       ||   173
       Shield            |       |       |       |       |   721 |   722 |   575 ||  2018
       Reflection        |       |       |       |       |    38 |    93 |    69 ||   200

Table legend:
 A = Spawn XP
 B = Non-spawn XP
 C = Spawn XP percentage of total XP
 D = Spawn monster count
 E = Non-spawn monster count
 F = Spawn count percentage of total count
 G = Total turns spent on level
                    A         B        C        D         E        F      G
               +---------+---------+-------+---------+---------+-------+---------
         Total |   71301 |  464154 |  13.3 |     243 |    1204 |  16.8 | 49950
               +---------+---------+-------+---------+---------+-------+---------
           D:1 |       4 |      23 |  14.8 |       2 |      13 |  13.3 |   770
           D:2 |       8 |      61 |  11.6 |       3 |      20 |  13.0 |  1560
           D:3 |       8 |      81 |   9.0 |       5 |      25 |  16.7 |  1158
           D:4 |      83 |     407 |  16.9 |       3 |      16 |  15.8 |  1175
           D:5 |      75 |     307 |  19.6 |       3 |      11 |  21.4 |   908
           D:6 |       0 |     489 |   0.0 |       0 |      10 |   0.0 |   749
           D:7 |      51 |     768 |   6.2 |       1 |      14 |   6.7 |  1361
           D:8 |     942 |     960 |  49.5 |       3 |      23 |  11.5 |  1049
           D:9 |     315 |    1029 |  23.4 |       5 |      17 |  22.7 |   820
          D:10 |     611 |    5238 |  10.4 |       6 |      33 |  15.4 |  1220
          D:11 |    1818 |    5324 |  25.5 |      11 |      25 |  30.6 |  1579
          D:12 |    3349 |    6763 |  33.1 |      17 |      48 |  26.2 |  2055
          D:13 |    4300 |   11522 |  27.2 |      30 |      58 |  34.1 |  2154
          D:14 |    1729 |   28778 |   5.7 |      12 |      76 |  13.6 |  2361
          D:15 |    3439 |   28740 |  10.7 |      10 |      61 |  14.1 |  2247
        Lair:1 |     542 |    3910 |  12.2 |       4 |      14 |  22.2 |  1325
        Lair:2 |    1504 |    1973 |  43.3 |       7 |       9 |  43.8 |  1175
        Lair:3 |    2045 |    7642 |  21.1 |      12 |      37 |  24.5 |  1170
        Lair:4 |     708 |    1977 |  26.4 |       5 |       9 |  35.7 |   883
        Lair:5 |    1714 |    9254 |  15.6 |       8 |      39 |  17.0 |  1272
        Lair:6 |    2162 |   20471 |   9.6 |       3 |      68 |   4.2 |  1459
      Shoals:1 |       0 |    2123 |   0.0 |       0 |       5 |   0.0 |   212
      Shoals:2 |     526 |    2471 |  17.6 |       1 |       6 |  14.3 |   535
      Shoals:3 |     253 |   11731 |   2.1 |       1 |      26 |   3.7 |   620
      Shoals:4 |     978 |   13670 |   6.7 |       2 |      25 |   7.4 |   723
       Snake:1 |       0 |     413 |   0.0 |       0 |       1 |   0.0 |   122
       Snake:2 |       0 |    4823 |   0.0 |       0 |       8 |   0.0 |   641
       Snake:3 |       0 |    4355 |   0.0 |       0 |       6 |   0.0 |   241
       Snake:4 |    9434 |   68476 |  12.1 |      19 |      96 |  16.5 |  4565
         Orc:1 |     176 |    2937 |   5.7 |       4 |      27 |  12.9 |   658
         Orc:2 |    1643 |    9176 |  15.2 |       9 |      72 |  11.1 |  2066
         Elf:1 |    2076 |   20769 |   9.1 |       3 |      36 |   7.7 |  1134
         Elf:2 |    1448 |   18704 |   7.2 |       2 |      26 |   7.1 |  2010
         Elf:3 |     707 |   52024 |   1.3 |       1 |      44 |   2.2 |  1008
      Vaults:1 |    8129 |   58758 |  12.2 |      17 |      96 |  15.0 |  2638
      Vaults:2 |   19535 |   40567 |  32.5 |      33 |      61 |  35.1 |  2712
      Vaults:3 |     989 |   11954 |   7.6 |       1 |      13 |   7.1 |    77
         Sewer |       0 |     147 |   0.0 |       0 |      10 |   0.0 |   263
         IceCv |       0 |    5339 |   0.0 |       0 |      20 |   0.0 |  1068
               +---------+---------+-------+---------+---------+-------+---------
